TOP OF THE 1ST |
Albuquerque Dukes batting - Pitching for Arkansas Travelers : RHP Brian Holton
|
Pitching: RHP Brian Holton
|
|
Batting: LHB Andres Romero
|
0-0: Called Strike 0-1: Ball 1-1: Foul Ball, location: 2F 1-2: Foul Ball, location: 2F 1-2: Ball 2-2: Ball 3-2: Foul Ball, location: 2F 3-2: SINGLE (Groundball, 56S, EV 67.5 MPH) (infield hit)
|
Batting: RHB Steven Patterson
|
0-0: Called Strike 0-1: Ball 1-1: Called Strike 1-2: Ball Andres Romero steals 2nd base 2-2: Foul Ball, location: 2F 2-2: SINGLE (Line Drive, 89M, EV 100.0 MPH) Andres Romero to third
|
Batting: LHB Darren Daulton
|
0-0: Ball 1-0: Ball 2-0: Foul Ball, location: 2F 2-1: Fly out, F7 (Flyball, 7LD, EV 96.3 MPH) Runner from 3rd tags up, SCORES, throw by LF
|
Batting: LHB Dave Yobs
|
0-0: SINGLE (Line Drive, 8LS, EV 101.3 MPH) Steven Patterson to second
|
Batting: RHB Jeffrey Ronk
|
0-0: Called Strike 0-1: Fly out, F5 (Popup, 5SF, EV 84.4 MPH)
|
Batting: RHB George Foussianes
|
0-0: Ball 1-0: Swinging Strike 1-1: Ball Wild Pitch! Steven Patterson to third Dave Yobs to second 2-1: Fly out, F7 (Flyball, 7LM, EV 88.1 MPH)
|
Top of the 1st over - 1 run, 3 hits, 0 errors, 2 left on base; Albuquerque 1 - Arkansas 0 |
BOTTOM OF THE 1ST |
Arkansas Travelers batting - Pitching for Albuquerque Dukes : RHP Rafaele Cerretti
|
Pitching: RHP Rafaele Cerretti
|
|
Batting: RHB Dennis Seats
|
0-0: Ball 1-0: Ball 2-0: Foul Ball, location: 2F 2-1: Ball 3-1: Base on Balls
|
Batting: RHB Kenneth Foster
|
0-0: Ball 1-0: Ball 2-0: Foul Ball, location: 2F 2-1: Foul Ball, location: 2F 2-2: Ball 3-2: Grounds into double play, 6-4-3 (Groundball, 6, EV 104.4 MPH)
|
Batting: LHB Phil Stephenson
|
0-0: Called Strike 0-1: Foul Ball, location: 2F 0-2: SINGLE (Line Drive, 4MD, EV 95.0 MPH)
|
Pitching: RHP Mike Maddux
|
|
Batting: RHB Randy Milligan
|
0-0: Called Strike 0-1: Foul Ball, location: 2F 0-2: Ball 1-2: Strikes out swinging
|
Bottom of the 1st over - 0 runs, 1 hit, 0 errors, 1 left on base; Albuquerque 1 - Arkansas 0 |
TOP OF THE 2ND |
Albuquerque Dukes batting - Pitching for Arkansas Travelers : RHP Brian Holton
|
Batting: LHB Matthew Henderson
|
0-0: Ball 1-0: Called Strike 1-1: Ball 2-1: Foul Ball, location: 2F 2-2: Ball 3-2: Ground out 6-3 (Groundball, 6, EV 84.4 MPH)
|
Batting: RHB James Oros
|
0-0: Ball 1-0: Ball 2-0: Called Strike 2-1: Fly out, F5 (Line Drive, 5, EV 68.8 MPH)
|
Batting: RHB Kevin Harvey
|
0-0: Called Strike 0-1: Ball 1-1: Foul Ball, location: 2F 1-2: Foul Ball, location: 2F 1-2: Ball 2-2: Ball 3-2: Ground out 6-3 (Groundball, 6, EV 93.1 MPH)
|
Top of the 2nd over - 0 runs, 0 hits, 0 errors, 0 left on base; Albuquerque 1 - Arkansas 0 |
BOTTOM OF THE 2ND |
Arkansas Travelers batting - Pitching for Albuquerque Dukes : RHP Mike Maddux
|
Batting: SHB Bobby Bonilla
|
0-0: Ground out 3-1 (Groundball, 34, EV 83.1 MPH)
|
Batting: RHB Greg Gagne
|
0-0: Foul Ball, location: 2F 0-1: Ball 1-1: Foul Ball, location: 2F 1-2: Ball 2-2: SINGLE (Line Drive, 4MD, EV 94.4 MPH)
|
Batting: LHB Terry Byrum
|
0-0: Ball 1-0: Swinging Strike 1-1: Ball 2-1: Ball Greg Gagne steals 2nd, throwing error, E2 Greg Gagne to third 3-1: Called Strike 3-2: Strikes out swinging wild pitch, reaches first! Greg Gagne scores
|
Batting: LHB Jesus Marinez
|
0-0: Ball 1-0: Ball 2-0: Called Strike 2-1: Foul Ball, location: 2F 2-2: Strikes out swinging
|
Batting: RHB Rex Hudler
|
0-0: Called Strike 0-1: Ball 1-1: Swinging Strike 1-2: Ball 2-2: SINGLE (Groundball, 6MD, EV 105.0 MPH) Terry Byrum to second Runner from 2nd tries for 3rd, SAFE, no throw by CF
|
Batting: RHB Dennis Seats
|
0-0: Ball 1-0: Foul Ball, location: 2F 1-1: Ball 2-1: Ball 3-1: Foul Ball, location: 2F 3-2: Base on Balls Rex Hudler to second
|
Batting: RHB Kenneth Foster
|
0-0: Ball 1-0: Ball 2-0: Ball 3-0: Called Strike 3-1: Base on Balls Terry Byrum scores Rex Hudler to third Dennis Seats to second
|
Batting: LHB Phil Stephenson
|
0-0: Called Strike 0-1: Ball 1-1: Called Strike 1-2: Ball 2-2: Ball 3-2: GRAND SLAM HOME RUN (Flyball, 9D, EV 87.5 MPH), Distance : 372 ft
|
Pitching: RHP Kevin Carcella
|
|
Batting: RHB Randy Milligan
|
0-0: Ball 1-0: Foul Ball, location: 2F 1-1: Ball 2-1: Ball 3-1: Base on Balls
|
Batting: SHB Bobby Bonilla
|
0-0: Called Strike 0-1: Called Strike 0-2: Ball 1-2: Ball 2-2: Fly out, F8 (Flyball, 8RS, EV 71.3 MPH)
|
Bottom of the 2nd over - 6 runs, 3 hits, 1 error, 1 left on base; Albuquerque 1 - Arkansas 6 |
TOP OF THE 3RD |
Albuquerque Dukes batting - Pitching for Arkansas Travelers : RHP Brian Holton
|
Batting: LHB Andres Romero
|
0-0: Called Strike 0-1: Swinging Strike 0-2: Strikes out looking
|
Batting: RHB Steven Patterson
|
0-0: Ball 1-0: Foul Ball, location: 2F 1-1: Ball 2-1: Ball 3-1: Fly out, F9 (Line Drive, 9, EV 104.4 MPH)
|
Batting: LHB Darren Daulton
|
0-0: Ball 1-0: Called Strike 1-1: Swinging Strike 1-2: Ground out 4-3 (Groundball, 4, EV 81.9 MPH)
|
Top of the 3rd over - 0 runs, 0 hits, 0 errors, 0 left on base; Albuquerque 1 - Arkansas 6 |
BOTTOM OF THE 3RD |
Arkansas Travelers batting - Pitching for Albuquerque Dukes : RHP Kevin Carcella
|
Batting: RHB Greg Gagne
|
0-0: Ball 1-0: Ball 2-0: DOUBLE (Line Drive, 7LS, EV 109.4 MPH)
|
Batting: LHB Terry Byrum
|
0-0: Called Strike 0-1: Ball 1-1: Called Strike 1-2: Strikes out swinging
|
Batting: LHB Jesus Marinez
|
0-0: Called Strike 0-1: Ball 1-1: Fly out, F8 (Flyball, 78M, EV 88.8 MPH)
|
Batting: RHB Rex Hudler
|
0-0: Foul Ball, location: 2F 0-1: DOUBLE (Line Drive, 7LS, EV 98.1 MPH) Greg Gagne scores
|
Batting: RHB Dennis Seats
|
0-0: SINGLE (Groundball, 34S, EV 72.5 MPH) (infield hit) Rex Hudler to third
|
Batting: RHB Kenneth Foster
|
0-0: Swinging Strike 0-1: SINGLE (Line Drive, 7S, EV 87.5 MPH) Rex Hudler scores Dennis Seats to second
|
Batting: LHB Phil Stephenson
|
0-0: Ball 1-0: Foul Ball, location: 2F 1-1: Ball 2-1: Called Strike 2-2: Ball 3-2: Reached on error, E4 (Groundball, 4, EV 85.0 MPH) Dennis Seats to third Kenneth Foster to second
|
Batting: RHB Randy Milligan
|
0-0: Ball 1-0: Swinging Strike 1-1: Called Strike 1-2: Ball 2-2: Ball 3-2: Base on Balls Dennis Seats scores Kenneth Foster to third Phil Stephenson to second
|
Batting: SHB Bobby Bonilla
|
0-0: Ball 1-0: Called Strike 1-1: Ground out 4-3 (Groundball, 4, EV 101.9 MPH)
|
Bottom of the 3rd over - 3 runs, 4 hits, 1 error, 3 left on base; Albuquerque 1 - Arkansas 9 |
TOP OF THE 4TH |
Albuquerque Dukes batting - Pitching for Arkansas Travelers : RHP Brian Holton
|
Batting: LHB Dave Yobs
|
0-0: Foul Ball, location: 2F 0-1: Ball 1-1: Swinging Strike 1-2: Ground out 6-3 (Groundball, 6M, EV 96.3 MPH)
|
Batting: RHB Jeffrey Ronk
|
0-0: Ball 1-0: Ball 2-0: Fly out, F1 (Line Drive, P, EV 64.4 MPH)
|
Batting: RHB George Foussianes
|
0-0: Called Strike 0-1: SOLO HOME RUN (Flyball, 7D, EV 100.6 MPH), Distance : 361 ft
|
Batting: LHB Matthew Henderson
|
0-0: Called Strike 0-1: Ball 1-1: Foul Ball, location: 2F 1-2: Foul Ball, location: 2F 1-2: Foul Ball, location: 2F 1-2: Strikes out looking
|
Top of the 4th over - 1 run, 1 hit, 0 errors, 0 left on base; Albuquerque 2 - Arkansas 9 |
BOTTOM OF THE 4TH |
Arkansas Travelers batting - Pitching for Albuquerque Dukes : RHP Kevin Carcella
|
Batting: RHB Greg Gagne
|
0-0: Ball 1-0: Ball 2-0: Ball 3-0: Called Strike 3-1: Fly out, F3 (Flyball, 3D, EV 89.4 MPH)
|
Batting: LHB Terry Byrum
|
0-0: Called Strike 0-1: Fly out, F9 (Line Drive, 9, EV 103.1 MPH)
|
Batting: LHB Jesus Marinez
|
0-0: Called Strike 0-1: Called Strike 0-2: Strikes out swinging
|
Bottom of the 4th over - 0 runs, 0 hits, 0 errors, 0 left on base; Albuquerque 2 - Arkansas 9 |
TOP OF THE 5TH |
Albuquerque Dukes batting - Pitching for Arkansas Travelers : RHP Brian Holton
|
Batting: RHB James Oros
|
0-0: Ball 1-0: Ball 2-0: Called Strike 2-1: Swinging Strike 2-2: Ball 3-2: Ground out 5-3 (Groundball, 5L, EV 81.3 MPH)
|
Batting: RHB Kevin Harvey
|
0-0: Ball 1-0: Ground out 5-3 (Groundball, 5, EV 91.3 MPH)
|
Batting: LHB Andres Romero
|
0-0: Ball 1-0: Called Strike 1-1: Ball 2-1: Ground out 6-3 (Groundball, 4MD, EV 85.0 MPH)
|
Top of the 5th over - 0 runs, 0 hits, 0 errors, 0 left on base; Albuquerque 2 - Arkansas 9 |
BOTTOM OF THE 5TH |
Arkansas Travelers batting - Pitching for Albuquerque Dukes : RHP Kevin Carcella
|
Batting: RHB Rex Hudler
|
0-0: Called Strike 0-1: Ball 1-1: Ball 2-1: Swinging Strike 2-2: Ball 3-2: Base on Balls
|
Batting: RHB Dennis Seats
|
0-0: Foul Ball, location: 2F 0-1: Foul Ball, location: 2F 0-2: Ball 1-2: Strikes out swinging
|
Batting: RHB Kenneth Foster
|
0-0: Called Strike 0-1: Ball 1-1: Foul Ball, location: 2F 1-2: Ball Wild Pitch! Rex Hudler to second 2-2: Fly out, F3 (Flyball, 3D, EV 92.5 MPH)
|
Batting: LHB Phil Stephenson
|
0-0: Fly out, F9 (Flyball, 9LD, EV 97.5 MPH)
|
Bottom of the 5th over - 0 runs, 0 hits, 0 errors, 1 left on base; Albuquerque 2 - Arkansas 9 |
TOP OF THE 6TH |
Albuquerque Dukes batting - Pitching for Arkansas Travelers : RHP Brian Holton
|
Batting: RHB Steven Patterson
|
0-0: Ground out 4-3 (Groundball, 4, EV 80.6 MPH)
|
Batting: LHB Darren Daulton
|
0-0: Ball 1-0: Ball 2-0: Ball 3-0: Base on Balls
|
Batting: LHB Dave Yobs
|
0-0: Called Strike 0-1: Ball 1-1: Foul Ball, location: 2F 1-2: Foul Ball, location: 2F 1-2: Ball 2-2: Ball 3-2: SINGLE (Groundball, 34D, EV 80.6 MPH) (infield hit) Darren Daulton to second
|
Batting: RHB Jeffrey Ronk
|
0-0: Swinging Strike 0-1: Swinging Strike 0-2: Ball 1-2: Foul Ball, location: 2F 1-2: Fly out, F8 (Flyball, 8RS, EV 84.4 MPH)
|
Batting: RHB George Foussianes
|
0-0: Called Strike 0-1: Ball 1-1: Foul Ball, location: 2F 1-2: Fly out, F8 (Flyball, 8RXD, EV 100.0 MPH)
|
Top of the 6th over - 0 runs, 1 hit, 0 errors, 2 left on base; Albuquerque 2 - Arkansas 9 |
BOTTOM OF THE 6TH |
Arkansas Travelers batting - Pitching for Albuquerque Dukes : RHP Kevin Carcella
|
Batting: RHB Randy Milligan
|
0-0: Ball 1-0: Called Strike 1-1: TRIPLE (Flyball, 78XD, EV 99.4 MPH)
|
Batting: SHB Bobby Bonilla
|
0-0: Ball 1-0: Foul Ball, location: 2F 1-1: Ball 2-1: Ball 3-1: DOUBLE (Line Drive, 89M, EV 103.8 MPH) Randy Milligan scores
|
Pitching: LHP Ed Pruitt
|
|
Batting: RHB Greg Gagne
|
0-0: Fly out, F7 (Flyball, 78D, EV 76.3 MPH)
|
Batting: LHB Terry Byrum
|
0-0: Ball 1-0: Ball 2-0: Ground out 4-3 (Groundball, 4, EV 98.8 MPH) Bobby Bonilla to third
|
Batting: LHB Jesus Marinez
|
0-0: Called Strike 0-1: Foul Ball, location: 2F 0-2: Strikes out looking
|
Bottom of the 6th over - 1 run, 2 hits, 0 errors, 1 left on base; Albuquerque 2 - Arkansas 10 |
TOP OF THE 7TH |
Albuquerque Dukes batting - Pitching for Arkansas Travelers : RHP Brian Holton
|
Batting: LHB Matthew Henderson
|
0-0: Ball 1-0: Ground out 5-3 (Groundball, 56, EV 77.5 MPH)
|
Batting: RHB James Oros
|
0-0: Ball 1-0: Ball 2-0: Called Strike 2-1: SINGLE (Line Drive, 89S, EV 100.6 MPH)
|
Batting: RHB Kevin Harvey
|
0-0: Foul Ball, location: 2F 0-1: Foul Ball, location: 2F 0-2: Foul Ball, location: 2F 0-2: Foul Ball, location: 2F 0-2: Ball 1-2: Fly out, F9 (Flyball, 9, EV 86.9 MPH)
|
Batting: LHB Andres Romero
|
0-0: Ball 1-0: Called Strike 1-1: Fly out, F8 (Flyball, 89D, EV 99.4 MPH)
|
Top of the 7th over - 0 runs, 1 hit, 0 errors, 1 left on base; Albuquerque 2 - Arkansas 10 |
BOTTOM OF THE 7TH |
Arkansas Travelers batting - Pitching for Albuquerque Dukes : LHP Ed Pruitt
|
Batting: RHB Rex Hudler
|
0-0: Fly out, F8 (Flyball, 78M, EV 75.6 MPH)
|
Batting: RHB Dennis Seats
|
0-0: Ball 1-0: Foul Ball, location: 2F 1-1: Foul Ball, location: 2F 1-2: Foul Ball, location: 2F 1-2: Strikes out swinging
|
Batting: RHB Kenneth Foster
|
0-0: Ball 1-0: Ball 2-0: Ball 3-0: Base on Balls
|
Pinch Hitting: RHB Michael Strawberry
|
0-0: Called Strike 0-1: Called Strike 0-2: Ball 1-2: Strikes out swinging
|
Bottom of the 7th over - 0 runs, 0 hits, 0 errors, 1 left on base; Albuquerque 2 - Arkansas 10 |
TOP OF THE 8TH |
Albuquerque Dukes batting - Pitching for Arkansas Travelers : RHP Brian Holton
|
Now in LF: Michael Strawberry
|
|
Batting: RHB Steven Patterson
|
0-0: Ball 1-0: Foul Ball, location: 2F 1-1: Fly out, F9 (Flyball, 9S, EV 80.6 MPH)
|
Batting: LHB Darren Daulton
|
0-0: Ball 1-0: Foul Ball, location: 2F 1-1: Foul Ball, location: 2F 1-2: Ball 2-2: Foul Ball, location: 2F 2-2: SOLO HOME RUN (Line Drive, 78XD, EV 104.4 MPH), Distance : 417 ft
|
Batting: LHB Dave Yobs
|
0-0: Ball 1-0: Foul Ball, location: 2F 1-1: Ball 2-1: Fly out, F4 (Popup, 4MD, EV 59.4 MPH)
|
Batting: RHB Jeffrey Ronk
|
0-0: Called Strike 0-1: Fly out, F8 (Flyball, 8RD, EV 92.5 MPH)
|
Top of the 8th over - 1 run, 1 hit, 0 errors, 0 left on base; Albuquerque 3 - Arkansas 10 |
BOTTOM OF THE 8TH |
Arkansas Travelers batting - Pitching for Albuquerque Dukes : LHP Ed Pruitt
|
Batting: RHB Randy Milligan
|
0-0: Called Strike 0-1: Ball 1-1: Swinging Strike 1-2: Foul Ball, location: 2F 1-2: Ball 2-2: Ball 3-2: Strikes out looking
|
Batting: SHB Bobby Bonilla
|
0-0: Ball 1-0: Called Strike 1-1: Ground out 4-3 (Groundball, 4S, EV 80.6 MPH)
|
Pinch Hitting: RHB Pete Dempsey
|
0-0: Called Strike 0-1: Swinging Strike 0-2: Ball 1-2: Foul Ball, location: 2F 1-2: Strikes out swinging
|
Bottom of the 8th over - 0 runs, 0 hits, 0 errors, 0 left on base; Albuquerque 3 - Arkansas 10 |
TOP OF THE 9TH |
Albuquerque Dukes batting - Pitching for Arkansas Travelers : RHP Brian Holton
|
Now at 3B: Pete Dempsey
|
|
Batting: RHB George Foussianes
|
0-0: Called Strike 0-1: Ball 1-1: Foul Ball, location: 2F 1-2: Strikes out looking
|
Batting: LHB Matthew Henderson
|
0-0: Called Strike 0-1: Foul Ball, location: 2F 0-2: Ball 1-2: Ball 2-2: Fly out, F8 (Line Drive, 8LD, EV 91.9 MPH)
|
Batting: RHB James Oros
|
0-0: Swinging Strike 0-1: Fly out, F9 (Flyball, 9LM, EV 81.3 MPH)
|
Top of the 9th over - 0 runs, 0 hits, 0 errors, 0 left on base; Albuquerque 3 - Arkansas 10 |
|